Zazza, neutral female human Tourist ^ -------|- ------ ------ #-.....>.| --------- |....+# |.._(| ###|.......| |.......|############### |....|# |....| # ----.-.-- |.......|# -----# |....|# ---- |....|### ### |.......|# |...|# --.---# |..| -.----# ## |........# |....##### ## # |..| # # ### ------|--# |.<.|# # # # ---- # # ## ##%## --|--############### # # # ## ### ### # ## # --.--- # # # #### # # # # ### |....| # # # # # # ####@o`# # # # |....| ### ------- # # --.--.---.-----# # # ##.....| # |.....| ## # # |.............|########## # |....| ###|.....| -|---# |.............| #---------.----- ------ #......| |....# |.............| #..............| ------- |...| |.............| |.............| |...| --------------- |.............| ----- --------------- Zazza the Sightseer Experience level: 3 Strength: 12 Dexterity: 11 Constitution: 17 Intelligence: 13 Wisdom: 9 Charisma: 14 Health: 0(29) Energy: 7(7) Def: 3 Gold: 708 Moves: 2053 Dungeon seed: oyBj6UxLDUtUl9o1 Game ID: Zazza_1575650047 Your Inventory: Coins $ - 708 gold pieces Weapons a - 21 +2 darts t - a cursed -1 orcish dagger (weapon in hand) G - a +0 orcish dagger Armor e - an uncursed +0 Hawaiian shirt (being worn) y - a cursed -1 leather armor (being worn) L - a blessed +1 orcish helm (being worn) Comestibles c - an uncursed tripe ration d - 3 uncursed food rations f - an uncursed apple Scrolls k - an uncursed scroll of magic mapping o - a blessed scroll of amnesia N - a blessed scroll of identify Potions i - an uncursed potion of extra healing Wands u - a wand of magic missile (0:3) C - a wand of probing (0:5) Tools l - an expensive camera (0:47) r - an uncursed sack E - an uncursed skeleton key Gems q - an uncursed luckstone Spells and supernatural/magical abilities: Name Level Category Fail Memory W - pray for help -- divine ? -- Your skills at the end: Fighting Skills Weapon Skills dart [Basic] Spellcasting Skills Final Attributes: You were devoutly aligned. You were lucky. You had extra luck. Bad luck did not time out for you. Good luck did not time out for you. You are dead. Vanquished creatures: a rock piercer an elf zombie a floating eye 4 hill orcs 2 wererats an iguana 2 large kobolds a brown mold a yellow mold 2 red molds a gnome zombie 2 geckos a jackal a fox 2 kobolds a goblin 4 sewer rats 4 grid bugs 2 lichens 5 newts 39 creatures vanquished. Voluntary challenges: You had been an atheist until turn 1918. You used a wielded weapon 17 times, starting on turn 891. You read items or engraved 8 times, starting on turn 675. You never genocided any monsters. You never polymorphed an object. You never changed form. You used no wishes. You never split a pudding. You wrote Elbereth's name 3 times, starting on turn 676. You never violated your personal moral code. Dungeon overview: The Dungeons of Doom: levels 1 to 5 Level 1 some fountains, a sink a long staircase Level 2 a general store Level 3 a fountain a long staircase Level 4 Level 5 <- You were here an altar to Blind Io History has recorded: On T:1 you entered the Dungeons of Doom to retrieve the Amulet of Yendor! On T:415 you reached level 2 of The Dungeons of Doom. On T:827 you reached level 3 of The Dungeons of Doom. On T:1048 you advanced to experience level 2. On T:1087 you reached level 4 of The Dungeons of Doom. On T:1425 you reached level 5 of The Dungeons of Doom. On T:1454 you advanced to experience level 3. Score breakdown: Gold: 18 ( 4349 points) Experience: 3 levels ( 7878 points) Exploration: 5 levels ( 10.00%) ( 8571 points) Discoveries: 4 items ( 1.34%) ( 3475 points) Valuables value: (no points given unless you survive) Artifact value: 0 ( 0 points) Variety of kills: 20 monsters ( 5.25%) ( 6873 points) Turncount: 2053 turns ( -39 points) Survival: died (score multiplied by 80%) Total score: 24885 Latest messages: Something is written here in the dust. You read: "ad ac?a i?n". The door opens. You find a teleportation trap. You displace Armand. Something is written here in the dust. You read: "ad a? a ??r". You are beginning to feel weak. That food really hit the spot! You finish eating the food ration. The hill orc thrusts her stout spear. The hill orc hits! You hit the hill orc. (2x) The hill orc thrusts her stout spear. The hill orc hits! You miss the hill orc. The hill orc thrusts her stout spear. The hill orc hits! You miss the hill orc. The hill orc thrusts her stout spear. The hill orc hits! You die... The sack is empty. Final status: Aloha Zazza the Tourist, killed by a hill orc... You died in The Dungeons of Doom on dungeon level 5 with 24885 points, and 708 pieces of gold, after 2053 moves. You were level 3 with a maximum of 29 hit points when you died.